| TOP OF THE 1ST |
|
Baltimore (APP) Orioles batting - Pitching for Oakland (APP) Athletics : RHP Jaime Sanchez
|
|
Pitching: RHP Jaime Sanchez
|
|
|
Batting: LHB Edwin Cabral
|
0-0: Ball 1-0: Foul Ball, location: 2F 1-1: Ball 2-1: Swinging Strike 2-2: Foul Ball, location: 2F 2-2: Strikes out swinging
|
|
Batting: RHB Johnny Lowe
|
0-0: Called Strike 0-1: Ball 1-1: Ball 2-1: Ball 3-1: Base on Balls
|
|
Batting: RHB Michael Powell
|
0-0: Ball 1-0: Swinging Strike 1-1: Fielders Choice at 2nd, 4-6 (Groundball, 4, EV 103.8 MPH)
|
|
Batting: RHB Adam Hudson
|
0-0: Ball 1-0: Swinging Strike 1-1: Swinging Strike 1-2: Ball Michael Powell is caught stealing 2nd base 2-4
|
| Top of the 1st over - 0 runs, 0 hits, 0 errors, 0 left on base; Baltimore (APP) 0 - Oakland (APP) 0 |
| BOTTOM OF THE 1ST |
|
Oakland (APP) Athletics batting - Pitching for Baltimore (APP) Orioles : RHP Bruce Yeager
|
|
Pitching: RHP Bruce Yeager
|
|
|
Batting: LHB Diego Vega
|
0-0: Ball 1-0: Called Strike 1-1: Fly out, F9 (Flyball, 9LSF, EV 75.0 MPH)
|
|
Batting: RHB Gabe Secundino
|
0-0: Ball 1-0: Ball 2-0: Called Strike 2-1: Fly out, F6 (Popup, 6M, EV 55.6 MPH)
|
|
Batting: RHB Phoctor Dill
|
0-0: Called Strike 0-1: Ball 1-1: Ball 2-1: Foul Ball, location: 2F 2-2: Ball 3-2: Foul Ball, location: 2F 3-2: Ground out 5-3 (Groundball, 5S, EV 73.8 MPH)
|
| Bottom of the 1st over - 0 runs, 0 hits, 0 errors, 0 left on base; Baltimore (APP) 0 - Oakland (APP) 0 |
| TOP OF THE 2ND |
|
Baltimore (APP) Orioles batting - Pitching for Oakland (APP) Athletics : RHP Jaime Sanchez
|
|
Batting: RHB Adam Hudson
|
0-0: Called Strike 0-1: Ball 1-1: Ball 2-1: Foul Ball, location: 2F 2-2: Ball 3-2: Base on Balls
|
|
Batting: LHB Robert Ortiz
|
0-0: Hit by Pitch Adam Hudson to second
|
|
Batting: RHB Matt Wallace
|
0-0: Ball 1-0: Foul Ball, location: 2F 1-1: Called Strike 1-2: Foul Ball, location: 2F 1-2: Hit by Pitch Adam Hudson to third Robert Ortiz to second
|
|
Batting: LHB Taylor Plummer
|
0-0: Ball 1-0: Fielders Choice at 2nd, 4-6 (Groundball, 4, EV 95.6 MPH) Adam Hudson scores Robert Ortiz to third
|
|
Batting: RHB Pedro Luera
|
0-0: Ball 1-0: Ball Wild Pitch! Robert Ortiz scores Taylor Plummer to second 2-0: Ground out 4-3 (Groundball, 4, EV 86.9 MPH) Taylor Plummer to third
|
|
Batting: RHB Adam Beal
|
0-0: Ball 1-0: Called Strike 1-1: Ball 2-1: Called Strike 2-2: Foul Ball, location: 2F 2-2: Foul Ball, location: 2F 2-2: Strikes out looking
|
| Top of the 2nd over - 2 runs, 0 hits, 0 errors, 1 left on base; Baltimore (APP) 2 - Oakland (APP) 0 |
| BOTTOM OF THE 2ND |
|
Oakland (APP) Athletics batting - Pitching for Baltimore (APP) Orioles : RHP Bruce Yeager
|
|
Batting: RHB Toyohiko Nakajima
|
0-0: Ball 1-0: Called Strike 1-1: Swinging Strike 1-2: Strikes out swinging
|
|
Batting: LHB Ben Landry
|
0-0: SINGLE (Line Drive, 8LS, EV 104.4 MPH)
|
|
Batting: RHB Pete Goerge
|
0-0: Ball 1-0: Ball 2-0: Foul Ball, location: 2F 2-1: Ball 3-1: Called Strike 3-2: Base on Balls Ben Landry to second
|
|
Batting: SHB Raul Herrera
|
0-0: Ball 1-0: Called Strike 1-1: Ball 2-1: Fielders Choice at 2nd, 4-6 (Groundball, 4, EV 87.5 MPH) Ben Landry to third
|
|
Batting: LHB Bryan Hodensack
|
0-0: Called Strike Raul Herrera steals 2nd base 0-1: Ball 1-1: Ground out 3-1 (Groundball, 34, EV 80.6 MPH)
|
| Bottom of the 2nd over - 0 runs, 1 hit, 0 errors, 2 left on base; Baltimore (APP) 2 - Oakland (APP) 0 |
| TOP OF THE 3RD |
|
Baltimore (APP) Orioles batting - Pitching for Oakland (APP) Athletics : RHP Jaime Sanchez
|
|
Batting: LHB Edwin Cabral
|
0-0: Called Strike 0-1: Ball 1-1: Ball 2-1: Ball 3-1: Base on Balls
|
|
Batting: RHB Johnny Lowe
|
0-0: Ball 1-0: Called Strike 1-1: Ball 2-1: Foul Ball, location: 2F 2-2: Foul Ball, location: 2F 2-2: Strikes out swinging
|
|
Batting: RHB Michael Powell
|
0-0: Called Strike 0-1: Foul Ball, location: 2F 0-2: Strikes out swinging
|
|
Batting: RHB Adam Hudson
|
0-0: Called Strike Edwin Cabral is caught stealing 2nd base 2-4
|
| Top of the 3rd over - 0 runs, 0 hits, 0 errors, 0 left on base; Baltimore (APP) 2 - Oakland (APP) 0 |
| BOTTOM OF THE 3RD |
|
Oakland (APP) Athletics batting - Pitching for Baltimore (APP) Orioles : RHP Bruce Yeager
|
|
Batting: RHB Dave Villarreal
|
0-0: Called Strike 0-1: Ball 1-1: Called Strike 1-2: Ball 2-2: Ground out 1-3 (Groundball, P, EV 63.8 MPH)
|
|
Batting: LHB Diego Vega
|
0-0: Ball 1-0: Called Strike 1-1: Swinging Strike 1-2: Ball 2-2: Ball 3-2: Base on Balls
|
|
Batting: RHB Gabe Secundino
|
0-0: Fly out, F8 (Flyball, 8RS, EV 86.9 MPH)
|
|
Batting: RHB Phoctor Dill
|
0-0: Ball 1-0: Foul Ball, location: 2F 1-1: Ball 2-1: Fielders Choice at 2nd, 6-4 (Groundball, 56, EV 103.8 MPH)
|
| Bottom of the 3rd over - 0 runs, 0 hits, 0 errors, 1 left on base; Baltimore (APP) 2 - Oakland (APP) 0 |
| TOP OF THE 4TH |
|
Baltimore (APP) Orioles batting - Pitching for Oakland (APP) Athletics : RHP Jaime Sanchez
|
|
Batting: RHB Adam Hudson
|
0-0: Called Strike 0-1: Foul Ball, location: 2F 0-2: Ball 1-2: Fly out, F9 (Flyball, 9S, EV 83.1 MPH)
|
|
Batting: LHB Robert Ortiz
|
0-0: Called Strike 0-1: Ball 1-1: Ball 2-1: Swinging Strike 2-2: Ball 3-2: Strikes out swinging, 2-3 out at first.
|
|
Batting: RHB Matt Wallace
|
0-0: SINGLE (Groundball, 56D, EV 99.4 MPH)
|
|
Batting: LHB Taylor Plummer
|
0-0: Ground out 4-3 (Groundball, 4D, EV 86.2 MPH)
|
| Top of the 4th over - 0 runs, 1 hit, 0 errors, 1 left on base; Baltimore (APP) 2 - Oakland (APP) 0 |
| BOTTOM OF THE 4TH |
|
Oakland (APP) Athletics batting - Pitching for Baltimore (APP) Orioles : RHP Bruce Yeager
|
|
Batting: RHB Toyohiko Nakajima
|
0-0: Called Strike 0-1: Ball 1-1: Ball 2-1: Ball 3-1: Base on Balls
|
|
Batting: LHB Ben Landry
|
0-0: Foul Ball, location: 2F 0-1: Ball 1-1: Called Strike 1-2: Ball 2-2: Ball 3-2: Base on Balls Toyohiko Nakajima to second
|
|
Batting: RHB Pete Goerge
|
0-0: Ball 1-0: Ball 2-0: Foul Ball, location: 2F 2-1: Ball 3-1: Base on Balls Toyohiko Nakajima to third Ben Landry to second
|
|
Batting: SHB Raul Herrera
|
0-0: Ball 1-0: Called Strike 1-1: SINGLE (Groundball, 13S, EV 64.4 MPH) (infield hit) Toyohiko Nakajima scores Ben Landry to third Pete Goerge to second
|
|
Batting: LHB Bryan Hodensack
|
0-0: SINGLE (Line Drive, 6M, EV 96.2 MPH) Ben Landry scores Pete Goerge to third Raul Herrera to second
|
|
Batting: RHB Dave Villarreal
|
0-0: Foul Ball, location: 2F 0-1: Swinging Strike 0-2: Ball 1-2: Ball 2-2: Ball 3-2: Base on Balls Pete Goerge scores Raul Herrera to third Bryan Hodensack to second
|
|
Batting: LHB Diego Vega
|
0-0: Swinging Strike 0-1: Ball 1-1: Called Strike 1-2: Fielders Choice at 2nd, 4-6 (Groundball, 34, EV 106.2 MPH) Raul Herrera scores Bryan Hodensack to third
|
|
Batting: RHB Gabe Secundino
|
0-0: Called Strike 0-1: Ball 1-1: Ball Wild Pitch! Bryan Hodensack scores Diego Vega to second 2-1: Ground out 5-3 (Groundball, 5, EV 76.9 MPH)
|
|
Pitching: RHP Xavier Martin
|
|
|
Batting: RHB Phoctor Dill
|
0-0: Ball 1-0: Foul Ball, location: 2F 1-1: Called Strike 1-2: Ball 2-2: Fly out, F4 (Popup, 4MD, EV 46.2 MPH)
|
| Bottom of the 4th over - 5 runs, 2 hits, 0 errors, 1 left on base; Baltimore (APP) 2 - Oakland (APP) 5 |
| TOP OF THE 5TH |
|
Baltimore (APP) Orioles batting - Pitching for Oakland (APP) Athletics : RHP Jaime Sanchez
|
|
Batting: RHB Pedro Luera
|
0-0: Ball 1-0: Ball 2-0: Called Strike 2-1: Ball 3-1: Swinging Strike 3-2: Base on Balls
|
|
Batting: RHB Adam Beal
|
Pickoff Throw to First - Error! E1 Pedro Luera to second 0-0: Ball 1-0: Ball 2-0: Ground out 3-1 (Groundball, 34, EV 82.5 MPH) Pedro Luera to third
|
|
Batting: LHB Edwin Cabral
|
0-0: Called Strike 0-1: Called Strike 0-2: Foul Ball, location: 2F 0-2: Ball Wild Pitch! Pedro Luera scores 1-2: Ball 2-2: Ball 3-2: Strikes out swinging
|
|
Batting: RHB Johnny Lowe
|
0-0: Ball 1-0: Called Strike 1-1: Called Strike 1-2: Strikes out swinging
|
| Top of the 5th over - 1 run, 0 hits, 1 error, 0 left on base; Baltimore (APP) 3 - Oakland (APP) 5 |
| BOTTOM OF THE 5TH |
|
Oakland (APP) Athletics batting - Pitching for Baltimore (APP) Orioles : RHP Xavier Martin
|
|
Batting: RHB Toyohiko Nakajima
|
0-0: Ball 1-0: Ball 2-0: Foul Ball, location: 2F 2-1: Foul Ball, location: 2F 2-2: Ball 3-2: Fly out, F4 (Popup, 4M, EV 70.6 MPH)
|
|
Batting: LHB Ben Landry
|
0-0: Ball 1-0: Fly out, F8 (Line Drive, 8RD, EV 102.5 MPH)
|
|
Batting: RHB Pete Goerge
|
0-0: Fly out, F8 (Line Drive, 8LD, EV 93.8 MPH)
|
| Bottom of the 5th over - 0 runs, 0 hits, 0 errors, 0 left on base; Baltimore (APP) 3 - Oakland (APP) 5 |
| TOP OF THE 6TH |
|
Baltimore (APP) Orioles batting - Pitching for Oakland (APP) Athletics : RHP Jaime Sanchez
|
|
Batting: RHB Michael Powell
|
0-0: Ball 1-0: Ball 2-0: Foul Ball, location: 2F 2-1: Called Strike 2-2: Ball 3-2: SINGLE (Groundball, P, EV 75.6 MPH) (infield hit)
|
|
Batting: RHB Adam Hudson
|
0-0: Called Strike 0-1: SINGLE (Line Drive, 56D, EV 100.0 MPH) Michael Powell to second
|
|
Batting: LHB Robert Ortiz
|
0-0: Ball 1-0: Ball 2-0: Ball 3-0: Base on Balls Michael Powell to third Adam Hudson to second
|
|
Batting: RHB Matt Wallace
|
0-0: Swinging Strike 0-1: Swinging Strike 0-2: Strikes out looking
|
|
Pitching: RHP Albie Cisneros
|
|
|
Batting: LHB Taylor Plummer
|
0-0: Ball 1-0: SINGLE (Line Drive, 4MD, EV 94.4 MPH) Michael Powell scores Adam Hudson to third Robert Ortiz to second
|
|
Batting: RHB Pedro Luera
|
0-0: Called Strike 0-1: Grounds into fielders choice 5-2 (Groundball, 56S, EV 73.1 MPH) Robert Ortiz to third Taylor Plummer to second
|
|
Batting: RHB Adam Beal
|
0-0: Ball Wild Pitch! Robert Ortiz scores Taylor Plummer to third Pedro Luera to second 1-0: Foul Ball, location: 2F 1-1: Foul Ball, location: 2F 1-2: Foul Ball, location: 2F 1-2: Foul Ball, location: 2F 1-2: SINGLE (Groundball, 34D, EV 111.9 MPH) Taylor Plummer scores Pedro Luera to third
|
|
Batting: LHB Edwin Cabral
|
0-0: Called Strike 0-1: Ball 1-1: Ball 2-1: Ball 3-1: Called Strike 3-2: SINGLE (Groundball, 34D, EV 97.5 MPH) Pedro Luera scores Adam Beal to second Adam Beal to third
|
|
Batting: RHB Johnny Lowe
|
0-0: Foul Ball, location: 2F 0-1: Foul Ball, location: 2F 0-2: Ball 1-2: Fly out, F7 (Flyball, 7, EV 87.5 MPH)
|
| Top of the 6th over - 4 runs, 5 hits, 0 errors, 2 left on base; Baltimore (APP) 7 - Oakland (APP) 5 |
| BOTTOM OF THE 6TH |
|
Oakland (APP) Athletics batting - Pitching for Baltimore (APP) Orioles : RHP Xavier Martin
|
|
Batting: SHB Raul Herrera
|
0-0: Ball 1-0: Swinging Strike 1-1: Ground out 6-3 (Groundball, 56, EV 84.4 MPH)
|
|
Batting: LHB Bryan Hodensack
|
0-0: Ball 1-0: Ball 2-0: Hit by Pitch
|
|
Batting: RHB Dave Villarreal
|
0-0: Called Strike 0-1: Ball 1-1: Ball 2-1: Foul Ball, location: 2F 2-2: Foul Ball, location: 2F 2-2: Strikes out looking
|
|
Batting: LHB Diego Vega
|
0-0: Foul Ball, location: 2F 0-1: Called Strike 0-2: Ball 1-2: Fly out, F6 (Popup, 6M, EV 55.0 MPH)
|
| Bottom of the 6th over - 0 runs, 0 hits, 0 errors, 1 left on base; Baltimore (APP) 7 - Oakland (APP) 5 |
| TOP OF THE 7TH |
|
Baltimore (APP) Orioles batting - Pitching for Oakland (APP) Athletics : RHP Albie Cisneros
|
|
Batting: RHB Michael Powell
|
0-0: Called Strike 0-1: Ball 1-1: Ground out 5-3 (Groundball, 56S, EV 85.0 MPH)
|
|
Batting: RHB Adam Hudson
|
0-0: Swinging Strike 0-1: Swinging Strike 0-2: Strikes out swinging
|
|
Batting: LHB Robert Ortiz
|
0-0: Fly out, F8 (Flyball, 78D, EV 109.4 MPH)
|
| Top of the 7th over - 0 runs, 0 hits, 0 errors, 0 left on base; Baltimore (APP) 7 - Oakland (APP) 5 |
| BOTTOM OF THE 7TH |
|
Oakland (APP) Athletics batting - Pitching for Baltimore (APP) Orioles : RHP Xavier Martin
|
|
Batting: RHB Gabe Secundino
|
0-0: Ball 1-0: Called Strike 1-1: Foul Ball, location: 2F 1-2: Strikes out swinging
|
|
Batting: RHB Phoctor Dill
|
0-0: Called Strike 0-1: Ball 1-1: Foul Ball, location: 2F 1-2: Ball 2-2: Fly out, F8 (Flyball, 78M, EV 83.1 MPH)
|
|
Batting: RHB Toyohiko Nakajima
|
0-0: Ball 1-0: Called Strike 1-1: Foul Ball, location: 2F 1-2: Hit by Pitch
|
|
Batting: LHB Ben Landry
|
0-0: SINGLE (Line Drive, 78S, EV 91.2 MPH) Toyohiko Nakajima to second
|
|
Pinch Runner at 2nd Matt Aston:
|
|
|
Batting: RHB Pete Goerge
|
0-0: Ball 1-0: Ball 2-0: Ground out 3-1 (Groundball, 34S, EV 91.9 MPH)
|
| Bottom of the 7th over - 0 runs, 1 hit, 0 errors, 2 left on base; Baltimore (APP) 7 - Oakland (APP) 5 |
| TOP OF THE 8TH |
|
Baltimore (APP) Orioles batting - Pitching for Oakland (APP) Athletics : RHP Albie Cisneros
|
|
Batting: RHB Matt Wallace
|
0-0: Foul Ball, location: 2F 0-1: Ball 1-1: Ball 2-1: Called Strike 2-2: Strikes out looking
|
|
Batting: LHB Taylor Plummer
|
0-0: Called Strike 0-1: Ball 1-1: Ball 2-1: Ball 3-1: Called Strike 3-2: Strikes out swinging
|
|
Batting: RHB Pedro Luera
|
0-0: Called Strike 0-1: Fly out, F7 (Flyball, 7D, EV 105.0 MPH)
|
| Top of the 8th over - 0 runs, 0 hits, 0 errors, 0 left on base; Baltimore (APP) 7 - Oakland (APP) 5 |
| BOTTOM OF THE 8TH |
|
Oakland (APP) Athletics batting - Pitching for Baltimore (APP) Orioles : RHP Xavier Martin
|
|
Batting: SHB Raul Herrera
|
0-0: Ball 1-0: Ball 2-0: Ball 3-0: Called Strike 3-1: Swinging Strike 3-2: Foul Ball, location: 2F 3-2: Base on Balls
|
|
Pinch Hitting: LHB Logan Stewart
|
0-0: DOUBLE (Groundball, 3L, EV 103.8 MPH) Raul Herrera to third
|
|
Pinch Hitting: LHB Gil Ketterer
|
0-0: Foul Ball, location: 2F 0-1: Ball 1-1: Swinging Strike 1-2: Ground out 4-3 (Groundball, 4, EV 81.2 MPH) Raul Herrera scores Logan Stewart to third
|
|
Pitching: LHP Gilberto Lugo
|
|
|
Batting: LHB Diego Vega
|
0-0: Ball 1-0: Called Strike 1-1: Called Strike 1-2: Strikes out swinging
|
|
Batting: RHB Gabe Secundino
|
0-0: Ball 1-0: Foul Ball, location: 2F 1-1: Foul Ball, location: 2F 1-2: Strikes out looking
|
| Bottom of the 8th over - 1 run, 1 hit, 0 errors, 1 left on base; Baltimore (APP) 7 - Oakland (APP) 6 |
| TOP OF THE 9TH |
|
Baltimore (APP) Orioles batting - Pitching for Oakland (APP) Athletics : RHP Albie Cisneros
|
|
Now at C: Colin Edwards
|
|
|
Now in CF: Dave Connolly
|
|
|
Pinch Hitting: SHB Shannon Britten
|
0-0: Called Strike 0-1: Swinging Strike 0-2: Fly out, F7 (Flyball, 7D, EV 110.0 MPH)
|
|
Batting: LHB Edwin Cabral
|
0-0: Foul Ball, location: 2F 0-1: Fly out, F8 (Flyball, 78M, EV 92.5 MPH)
|
|
Batting: RHB Johnny Lowe
|
0-0: Ball 1-0: Ball 2-0: Ball 3-0: Base on Balls
|
|
Pitching: RHP Andy Teague
|
|
|
Batting: RHB Michael Powell
|
0-0: Called Strike 0-1: Ball 1-1: Called Strike 1-2: Ball 2-2: Reached on error, E1 (Groundball, 15S, EV 70.0 MPH) Johnny Lowe to second
|
|
Batting: RHB Adam Hudson
|
0-0: Ball 1-0: Ball 2-0: Ball 3-0: Swinging Strike 3-1: SINGLE (Groundball, 56, EV 95.6 MPH) Johnny Lowe to third Michael Powell to second Runner from 3rd tries for Home, SAFE, throw by LF to home
|
|
Batting: LHB Robert Ortiz
|
0-0: Called Strike 0-1: Called Strike 0-2: Foul Ball, location: 2F 0-2: Ball 1-2: Strikes out swinging
|
| Top of the 9th over - 1 run, 1 hit, 1 error, 2 left on base; Baltimore (APP) 8 - Oakland (APP) 6 |
| BOTTOM OF THE 9TH |
|
Oakland (APP) Athletics batting - Pitching for Baltimore (APP) Orioles : LHP Gilberto Lugo
|
|
Pitching: RHP Dave Patenaude
|
|
|
Now at C: Han Caspers
|
|
|
Now at 1B: Taylor Plummer
|
|
|
Now in LF: Javier Brizuela
|
|
|
Now in CF: Jeff Parlo
|
|
|
Batting: RHB Phoctor Dill
|
0-0: Called Strike 0-1: Ball 1-1: Ball 2-1: Fly out, F9 (Flyball, 9, EV 90.6 MPH)
|
|
Batting: RHB Jeff Goodrum
|
0-0: Ball 1-0: Ball 2-0: Foul Ball, location: 2F 2-1: Foul Ball, location: 2F 2-2: Ball 3-2: Strikes out looking
|
|
Batting: LHB Ben Landry
|
0-0: Foul Ball, location: 2F 0-1: Foul Ball, location: 2F 0-2: Strikes out swinging
|
| Bottom of the 9th over - 0 runs, 0 hits, 0 errors, 0 left on base; Baltimore (APP) 8 - Oakland (APP) 6 |
|